 Dungeon Crawl Stone Soup version 0.12.2-5-gb0b09c3 (webtiles) character file.

1999 Bogabada the Slinger (level 9, -3/52 HPs)
             Began as a Kobold Hunter on June 10, 2013.
             Was a Believer of Nemelex Xobeh.
             Slain by an orc warrior
             ... wielding a +1,+3 orcish great mace
              (26 damage)
             ... on Level 6 of the Dungeon.
             The game lasted 00:26:19 (5803 turns).

Bogabada the Slinger (Kobold Hunter)                Turns: 5803, Time: 00:26:21

HP  -3/52        AC  4     Str 12      XL: 9   Next: 27%
MP   3/8         EV 16     Int 13      God: Nemelex Xobeh [**....]
Gold 237         SH  0     Dex 18      Spells:  0 memorised,  8 levels left

Res.Fire  : . . .   See Invis. : .   b - +1,+2 sling (curse)
Res.Cold  : . . .   Warding    : .   d - +0 leather armour
Life Prot.: . . .   Conserve   : .   (no shield)
Res.Poison: .       Res.Corr.  : .   p - +0 helmet
Res.Elec. : .       Clarity    : .   (no cloak)
Sust.Abil.: . .     Spirit.Shd : .   (no gloves)
Res.Mut.  : .       Stasis     : .   (no boots)
Res.Rott. : .       Ctrl.Telep.: .   (no amulet)
Saprovore : + + .   Flight     : .   H - ring of protection from magic
                                     l - +4 ring of intelligence

@: charismatic, mildly poisoned, quite resistant to hostile enchantments, quite
stealthy
A: disease resistance, carnivore 3, saprovore 2
a: Draw One, Peek at Two, Renounce Religion


You were on level 6 of the Dungeon.
You worshipped Nemelex Xobeh.
Nemelex Xobeh was most pleased with you.
You were not hungry.

You visited 1 branch of the dungeon, and saw 7 of its levels.

You collected 217 gold pieces.

Inventory:

Hand weapons
 a - a +0,+0 short sword
 b - a cursed +1,+2 sling (weapon)
 c - a +2,+2 flail of protection
 h - a +4,+1 elven dagger of speed
 w - a +5,+0 elven short sword
Missiles
 j - 98 stones (quivered)
 m - 17 bolts
 N - 19 arrows
Armour
 d - a +0 leather armour (worn)
 p - a +0 helmet (worn)
Magical devices
 z - a wand of flame (11)
Comestibles
 f - a meat ration
Scrolls
 e - 2 scrolls of enchant weapon II
 n - 3 scrolls of remove curse {unknown}
 r - a scroll of recharging {unknown}
 t - a scroll of amnesia {unknown}
 A - a scroll of fog {unknown}
 C - a scroll of curse jewellery {unknown}
 D - a scroll of curse armour {unknown}
 J - 2 scrolls of magic mapping {unknown}
 K - a scroll of blinking {unknown}
 L - a scroll of noise {unknown}
 O - 2 scrolls of teleportation {unknown}
 R - 2 scrolls of random uselessness {unknown}
Jewellery
 l - a +4 ring of intelligence (left hand)
 o - an uncursed amulet of inaccuracy
 H - a ring of protection from magic (right hand)
Potions
 g - 2 potions of brilliance {unknown}
 k - a potion of confusion {unknown}
 s - a potion of invisibility {unknown}
 u - a potion of speed {unknown}
 v - a potion of flight {unknown}
 x - 3 potions of paralysis
 B - a potion of might
 M - a potion of curing {unknown}
 Q - a potion of magic {unknown}
Miscellaneous
 F - a plain deck of defence {drawn: 3}
 G - a plain deck of destruction {drawn: 3}


   Skills:
 * Level 4.8 Fighting
 + Level 10.1 Slings
 + Level 1.8 Armour
 * Level 5.1 Dodging
 * Level 5.2 Stealth
 + Level 1.4 Traps


You had 8 spell levels left.
You didn't know any spells.

Dungeon Overview and Level Annotations

Branches:
Dungeon (7/27)             Temple (0/1) D:5
    Orc: D:6-11

Altars:
Ashenzari
Fedhas
Kikubaaqudgha
Nemelex Xobeh

Shops:
D:6: /


Innate Abilities, Weirdness & Mutations

You recuperate from illness quickly.
You are small and have problems with some larger weapons.
You are carnivorous and can eat meat at any time.
You can eat rotten meat.


Message History

Use which ability? (? or * to list)
You fail to use your ability.
You feel sick. The orc warrior misses you.
Use which ability? (? or * to list) Draw from which deck? (? for menu, Esc to quit)
You draw a card...
It is the Tomb.
This is a plain deck of defence {drawn: 3}.
Walls emerge from the floor!
The walls disappear prematurely!
You don't know any spells.
Use which ability? (? or * to list) Use which ability? (? or * to list)
You fail to use your ability.
The orc warrior hits you with a runed orcish great mace.
Use which ability? (? or * to list) Use which ability? (? or * to list)
You fail to use your ability.
The orc warrior hits you with a runed orcish great mace!
Ouch! That really hurt!
You die...
Your body glows slightly and disappears.

#.#.#.### #..........#.###.#.#
#.#..... # #..........#.##.∩...
#.###.#####.##..........#.#...#.#
#...........##..........#.#..#...
#.......................#.#..#...
#.###.#######...........#.#..###.
#.# #.# #...........#.#...... #.#
#.# #...........#.#.####. #.#
#.#######...@o......#.#.####. #.#
#....................>....... #.#
#########...........###.####. #.#
#.########### #.# #. #.# #.# #.#
#% #.# #.# #.# #. ..# #.# #.# #.
### #.# #########.# #. # #..
..........# #.


You could see an orc warrior.

Vanquished Creatures
  A sky beast (D:6)
  2 phantoms
  2 ogres
  A hippogriff zombie (D:5)
  2 centaurs (D:5)
  A centaur zombie (D:5)
  2 crimson imps (D:5)
  An ogre skeleton (D:4)
  An iguana (D:5)
  5 orc priests
  5 orc wizards
  A scorpion (D:4)
  A jelly (D:5)
  3 worker ants (D:4)
  A worker ant zombie (D:6)
  3 gnolls (D:3)
  8 adders
  An adder zombie (D:6)
  2 giant mites
  An inept item mimic (D:2)
  An inept feature mimic (D:2)
  2 worms (D:4)
  A giant gecko (D:3)
  11 orcs
  8 giant cockroaches
  10 goblins
  14 hobgoblins
  11 kobolds
  A quokka (D:4)
  3 ball pythons
  18 bats
  A giant newt (D:3)
  A hobgoblin skeleton (D:5)
  A hobgoblin zombie (D:6)
  17 jackals
  17 rats
161 creatures vanquished.

Vanquished Creatures (others)
  A hill giant zombie (D:6)
  A giant frog zombie (D:6)
  2 rats
4 creatures vanquished.

Grand Total: 165 creatures vanquished

Notes
Turn   | Place    | Note
--------------------------------------------------------------
     0 | D:1      | Bogabada, the Kobold Hunter, began the quest for the Orb.
     0 | D:1      | Reached XP level 1. HP: 12/12 MP: 0/0
    32 | D:1      | Reached skill level 5 in Slings
   194 | D:1      | Reached XP level 2. HP: 17/17 MP: 1/1
   514 | D:1      | Reached XP level 3. HP: 21/21 MP: 2/2
   794 | D:2      | Reached skill level 6 in Slings
   828 | D:2      | Reached XP level 4. HP: 22/26 MP: 3/3
  1175 | D:2      | Found a shattered altar of Ashenzari.
  1180 | D:2      | Saw a vision of the Swamp and the Snake Pit.
  1180 | D:2      | Noticed a water moccasin
  1180 | D:2      | Noticed a naga
  1180 | D:2      | Noticed a naga
  1180 | D:2      | Noticed a black mamba
  1180 | D:2      | Noticed a naga
  1180 | D:2      | Noticed an alligator
  1186 | D:2      | Noticed a black mamba
  1267 | D:2      | Reached XP level 5. HP: 27/31 MP: 4/4
  1959 | D:3      | Found a sparkling altar of Nemelex Xobeh.
  1966 | D:3      | Became a worshipper of Nemelex Xobeh
  2006 | D:3      | Received a gift from Nemelex Xobeh
  2298 | D:4      | Reached skill level 7 in Slings
  2298 | D:4      | Reached XP level 6. HP: 36/36 MP: 5/5
  2355 | D:4      | Found an ancient bone altar of Kikubaaqudgha.
  2628 | D:4      | Reached skill level 1 in Armour
  2628 | D:4      | Reached XP level 7. HP: 40/40 MP: 6/6
  3177 | D:4      | Noticed an ogre
  3185 | D:4      | Killed an ogre
  3185 | D:4      | Reached skill level 8 in Slings
  3185 | D:4      | Reached skill level 1 in Traps
  3319 | D:4      | Acquired Nemelex Xobeh's first power
  3601 | D:5      | Entered Level 5 of the Dungeon
  3775 | D:5      | Reached XP level 8. HP: 17/46 MP: 7/7
  4038 | D:5      | Found a blossoming altar of Fedhas.
  4075 | D:5      | Reached skill level 9 in Slings
  4192 | D:5      | Found a staircase to the Ecumenical Temple.
  4695 | D:5      | Paralysed by a potion of paralysis for 5 turns
  4829 | D:6      | Noticed a hill giant zombie
  5138 | D:6      | Reached XP level 9. HP: 49/51 MP: 8/8
  5146 | D:6      | Found Ucoistya's Magical Wand Boutique.
  5190 | D:6      | Reached skill level 10 in Slings
  5190 | D:6      | Reached skill level 5 in Dodging
  5414 | D:6      | Killed a hill giant zombie
  5414 | D:6      | Reached skill level 5 in Stealth
  5492 | D:6      | Acquired Nemelex Xobeh's second power
  5803 | D:6      | Slain by an orc warrior

Action                   |  1- 3 |  4- 6 |  7- 9 || total
-------------------------+-------+-------+-------++-------
 Fire: Sling             |    60 |   164 |   266 ||   490
Invok: Draw One          |       |       |     6 ||     6
  Use: Scroll            |     1 |     4 |     2 ||     7
       Potion            |     1 |       |     5 ||     6
